 Dungeon Crawl Stone Soup version 0.31-a0-1300-gb6740aa4e6 (webtiles) character file.

Game seed: 1428843379879084442

12180 grandjackal the Destroyer (level 11, 0/60 HPs)
             Began as a Tengu Conjurer on Dec 18, 2023.
             Was a Priest of Vehumet.
             Killed from afar by a catoblepas (8 damage)
             ... with a blast of calcifying dust
             ... on level 1 of the Lair of Beasts.
             The game lasted 00:27:18 (15067 turns).

grandjackal the Destroyer (Tengu Conjurer)         Turns: 15067, Time: 00:27:19

Health: 0/60       AC:  7    Str:  6    XL:     11   Next: 89%
Magic:  29/34      EV: 35    Int: 30    God:    Vehumet [***...]
Gold:   756        SH:  4    Dex: 10    Spells: 7/28 levels left

rFire   + . .        O - +6 falchion of Exchange {freeze, MP+9}
rCold   + . .        r - +0 buckler
rNeg    . . .        M - +2 robe {rC+}
rPois   .            L - +2 hat
rElec   .            f - +0 cloak
rCorr   .            (no gloves)
SInv    .            (boots unavailable)
Will    .....        (no amulet)
Stlth   ++           m - +5 ring of evasion
HPRegen 0.30/turn    K - ring of Beogh's Condemnation {rF+ Str-2 Int+7 Dex-2 Slay+5}
MPRegen 0.24/turn

%: acrobat
@: acrobatic, flying
A: beak, talons 3, evasive flight, acrobatic
a: Renounce Religion


You were on level 1 of the Lair of Beasts.
You worshipped Vehumet.
Vehumet was most pleased with you.
You visited 2 branches of the dungeon, and saw 14 of its levels.
You also visited: Ossuary.

You collected 943 gold pieces.
You spent 187 gold pieces at shops.

Inventory:

Hand Weapons
 O - the +6 falchion of Exchange (weapon) {freeze, MP+9}
   (You found it on level 13 of the Dungeon)

   MP+9:      It affects your magic capacity (+9).
Armour
 f - a +0 cloak (worn)
 r - a +0 buckler (worn)
 t - a scarf of invisibility
 L - a +2 hat (worn)
 M - a +2 robe of cold resistance (worn)
Jewellery
 k - a ring of resist corrosion
 m - a +5 ring of evasion (left hand)
 w - a ring of protection from cold
 C - a +6 ring of intelligence
 H - a ring of see invisible
 K - the ring of Beogh's Condemnation (right hand) {rF+ Str-2 Int+7 Dex-2 Slay+5}
   (You found it on level 10 of the Dungeon)

   [ring of protection from fire]

   Str-2:     It affects your strength (-2).
   Int+7:     It affects your intelligence (+7).
   Dex-2:     It affects your dexterity (-2).
   Slay+5:    It affects your accuracy & damage with ranged weapons and melee
   (+5).
   rF+:       It protects you from fire.
 N - a ring of protection from cold
Wands
 p - a wand of polymorph (25)
 y - a wand of charming (5)
 E - a wand of mindburst (11)
 F - a wand of iceblast (9)
Scrolls
 d - 2 scrolls of enchant armour {unknown}
 h - a scroll of immolation {unknown}
 i - 9 scrolls of fear
 l - a scroll of blinking
 o - 3 scrolls of teleportation
 q - a scroll of poison
 s - 2 scrolls of fog
 v - a scroll of acquirement {unknown}
 D - 4 scrolls of revelation {unknown}
 G - a scroll of butterflies
Potions
 a - a potion of invisibility
 b - 2 potions of magic
 c - a potion of resistance
 g - 8 potions of curing
 j - 3 potions of heal wounds
 n - 3 potions of might
 u - a potion of brilliance
 x - a potion of lignification
 z - 3 potions of berserk rage
 A - a potion of ambrosia
 B - a potion of attraction
Miscellaneous
 I - a phantom mirror
 J - a lightning rod (4/4)


   Skills:
 - Level 3.0 Fighting
 - Level 2.1 Dodging
 - Level 2.0 Stealth
 - Level 4.1 Shields
 + Level 9.2 Spellcasting
 - Level 10.4 Conjurations
 - Level 4.1 Translocations
 + Level 8.8 Fire Magic
 - Level 10.0 Air Magic
 - Level 5.0 Poison Magic
 + Level 0.2 Evocations


You had 7 spell levels left.
You knew the following spells:

 Your Spells              Type           Power      Damage    Failure   Level
a - Magic Dart            Conj           100%       1d8       1%          1
b - Searing Ray           Conj           100%       2d8       1%          2
c - Iskenderun's Mystic   Conj/Tloc      55%        2d12      1%          4
d - Poisonous Vapours     Pois/Air       100%       N/A       1%          2
e - Sticky Flame          Conj/Fire      64%        2d8       1%          4
f - Ignite Poison         Fire/Tmut/Pois 41%        N/A       1%          3
g - Blink                 Tloc           76%        N/A       1%          2
h - Volatile Blastmotes   Fire/Tloc      100%       2d18      1%          3

Your spell library contained the following spells:

 Spells                   Type           Power      Damage    Failure   Level
 Stone Arrow              Conj/Erth      90%        3d12      1%          3
 Cigotuvi's Dreadful Rot  Necr/Pois/Air  88%        N/A       1%          2
 Lesser Beckoning         Tloc           76%        N/A       1%          2
 Momentum Strike          Conj/Tloc      100%       3d10      1%          2
 Dazzling Flash           Conj/Hex       90%        N/A       1%          3
 Hailstorm                Conj/Ice       45%        3d10      1%          3
 Fulminant Prism          Conj/Hex       22%        3d12      1%          4
 Sting                    Tmut/Pois      100%       1d8       2%          1
 Olgreb's Toxic Radiance  Pois           44%        N/A       2%          4
 Starburst                Conj/Fire      32%        6d10      5%          6
 Necrotise                Necr           52%        1d6       6%          1
 Orb of Destruction       Conj           33%        9d10      17%         7
 Summon Guardian Golem    Hex/Summ       13%        N/A       19%         3
 Vampiric Draining        Necr           13%        2d6       19%         3
 Dispel Undead            Necr           13%        3d9       52%         4
 Summon Ice Beast         Ice/Summ       13%        N/A       52%         4
 Spellforged Servitor     Conj/Summ      22%        N/A       80%         7
 Agony                    Necr           13%        N/A       86%         5
 Death Channel            Necr           6%         N/A       100%        6
 Simulacrum               Ice/Necr       6%         N/A       100%        6
 Maxwell's Capacitive Co  Air            32%        ∞         82%         8
 Ignition                 Fire           30%        3d10      92%         8
 Discord                  Hex            6%         N/A       100%        8


Dungeon Overview and Level Annotations

Branches:
Dungeon (13/15)            Temple (0/1) D:7            Lair (1/5) D:9
    Orc (0/2) D:9         Ossuary (visited)
 Vaults: D:13-14

Altars:
Cheibriados
Dithmenos
Elyvilon
Fedhas
Kikubaaqudgha
Makhleb
Nemelex Xobeh
Ru
Sif Muna
Uskayaw
Vehumet
Wu Jian
Xom
The Shining One

Shops:
D:1 *   D:11 :

Annotations:
D:11 1 runed translucent door, Yfri's ghost, journeyman GnAr


Innate Abilities, Weirdness & Mutations

You have a beak for a mouth.
You have claws for feet.
Your magical flight helps you evade attacks. (EV +4)
You can magically evade attacks while moving or waiting.


Message History

Confirm with . or Enter, or press ? or * to list all spells.
Aiming: Searing Ray (safe; 1% risk of failure)
Press: ? - help, Shift-Dir - straight line, f - catoblepas
Aim: a catoblepas (100% to hit)
The searing ray hits the catoblepas!
The catoblepas is lightly wounded. (Press . to maintain the ray.) Unknown command.
The searing ray hits the catoblepas.
The catoblepas is lightly wounded.
The catoblepas rams the ground with its head heavily.
The catoblepas breathes a plume of calcifying dust at you.
The blast of calcifying dust hits you!
Casting: Searing Ray (safe; 1% risk of failure)
Confirm with . or Enter, or press ? or * to list all spells.
Aiming: Poisonous Vapours (safe; 1% risk of failure)
Press: ? - help, Dir - move target, f/p - catoblepas
Aim: a catoblepas (lightly wounded) Poisonous vapours surround the catoblepas!
The catoblepas looks as sick as possible!
The catoblepas breathes a plume of calcifying dust at you.
The blast of calcifying dust hits you!
Casting: Poisonous Vapours (safe; 1% risk of failure)
Confirm with . or Enter, or press ? or * to list all spells.
You blink.
The catoblepas gores you!!
* * * LOW HITPOINT WARNING * * *
The catoblepas breathes a plume of calcifying dust at you.
The blast of calcifying dust hits you.
* * * LOW HITPOINT WARNING * * *
You feel ready to blink again.
The catoblepas breathes a plume of calcifying dust at you.
The blast of calcifying dust hits the fungus.
The fungus begins to die.
The blast of calcifying dust hits you!
* * * LOW HITPOINT WARNING * * *
The fungus is engulfed in calcifying dust.
The fungus is engulfed in calcifying dust.
The fungus turns to stone!
The catoblepas breathes a plume of calcifying dust at you.
The blast of calcifying dust hits you!
You die...

#...####..#
#............ #.(##
#..## #............
##.# ##.#
#............ #§# #.#
#............ #§# #.#
#............ ##§#
##.# #............
#§.# ##.§#
##.P########..
#.#P##§###P§.####..##
##.
........§.Y.§§@.....#
##.
.######.####.##.###.#
#.. #.# ### ##
#.##########. #..
#............ #.#
#..<......... #.#
##............ ..#
#P............ #.
#..............
................


There were no monsters in sight!

Vanquished Creatures
  Erica (D:9)
  4 two-headed ogres
  Amaemon (D:9)
  A deep elf pyromancer (D:12)
  2 ugly things
  An orange demon (Lair:1)
  An unseen horror (D:12)
  Psyche (D:8)
  2 komodo dragons
  3 trolls
  2 slime creatures (D:12)
  4 wraiths
  Grum (D:9)
  A wyvern (D:10)
  A basilisk (Lair:1)
  A hornet zombie (D:8)
  4 water moccasins
  5 orc warriors
  3 ice beasts
  2 sky beasts
  An ogre (D:6)
  A black bear (D:6)
  8 centaurs
  3 wolves (D:9)
  A bullfrog (D:7)
  3 scorpions
  5 wights (D:8)
  4 killer bees (D:10)
  2 howler monkeys
  A centaur zombie (D:8)
  2 hounds (D:6)
  2 jellies
  6 iguanas
  5 orc priests
  Jessica (D:2)
  Terence (D:2)
  4 hell rats
  6 orc wizards
  3 killer bee zombies (D:8)
  4 mummies
  3 gnolls (D:8)
  4 howler monkey zombies (D:8)
  5 adders
  4 shadow imps
  2 adder zombies (Ossuary)
  A worm (D:3)
  39 orcs
  9 ball pythons
  8 bats
  8 endoplasms
  2 giant cockroaches (D:1)
  9 goblins
  12 hobgoblins
  2 quokkas (D:1)
  A frilled lizard (D:3)
  2 goblin zombies (Ossuary)
  2 hobgoblin zombies (Ossuary)
  10 kobolds
  3 kobold zombies (Ossuary)
  4 quokka zombies (Ossuary)
  6 rats
  5 rat zombies (Ossuary)
245 creatures vanquished.

Vanquished Creatures (others)
  A gargoyle (D:12)
1 creature vanquished.

Grand Total: 246 creatures vanquished

Notes
Turn   | Place    | Note
-------+----------+-------------------------------------------
     0 | D:1      | grandjackal the Tengu Conjurer began the quest for the Orb.
     0 | D:1      | Reached XP level 1. HP: 10/10 MP: 4/4
   158 | D:1      | Found a faded altar of an unknown god.
   211 | D:1      | Reached XP level 2. HP: 10/16 MP: 6/6
   274 | D:1      | Learned a level 2 spell: Searing Ray
   312 | D:1      | Reached skill level 1 in Fighting
   465 | D:1      | Found Pyol's General Store.
   472 | D:1      | Bought a potion of curing for 33 gold pieces
  1254 | D:2      | Reached XP level 3. HP: 20/20 MP: 7/7
  1820 | D:2      | Noticed Jessica
  1823 | D:2      | Killed Jessica
  1824 | D:2      | Reached XP level 4. HP: 26/26 MP: 4/9
  1892 | D:2      | Noticed Terence
  1899 | D:2      | Killed Terence
  2003 | D:2      | Learned a level 4 spell: Iskenderun's Mystic Blast
  2207 | D:3      | Reached XP level 5. HP: 31/31 MP: 5/10
  2297 | D:3      | Learned a level 2 spell: Poisonous Vapours
  2302 | D:3      | Identified the +1 ring mail of Quiescent Awe {Dex+3}
  2673 | D:3      | Reached skill level 1 in Air Magic
  2947 | D:3      | Reached XP level 6. HP: 21/36 MP: 8/12
  3347 | D:1      | Bought a scroll of fear for 44 gold pieces
  3347 | D:1      | Bought a potion of resistance for 110 gold pieces
  3475 | D:4      | Found a shadowy altar of Dithmenos.
  3711 | D:4      | Found a shimmering altar of Xom.
  3713 | D:4      | Found a burning altar of Makhleb.
  4284 | D:4      | Found a hide-covered altar of Uskayaw.
  4681 | D:5      | Entered Level 5 of the Dungeon
  5062 | D:5      | Reached skill level 1 in Shields
  5146 | D:5      | Gained mutation: Your magical flight helps you evade
                  | attacks. (EV +4) [Tengu growth]
  5146 | D:5      | Reached XP level 7. HP: 33/41 MP: 4/13
  5283 | D:5      | Learned a level 4 spell: Sticky Flame
  5335 | D:5      | Found a radiant altar of Vehumet.
  5360 | D:5      | Became a worshipper of Vehumet
  5744 | D:6      | Found a sand-covered staircase.
  5751 | Ossuary  | Entered an ossuary
  6239 | D:6      | Reached * piety under Vehumet
  6239 | D:6      | Offered knowledge of Shock by Vehumet.
  6555 | D:6      | Reached XP level 8. HP: 37/46 MP: 5/15
  6630 | D:6      | Learned a level 3 spell: Ignite Poison
  6762 | D:6      | Reached skill level 5 in Air Magic
  6834 | D:6      | Reached skill level 5 in Spellcasting
  6990 | D:6      | Found a snail-covered altar of Cheibriados.
  7549 | D:7      | Reached skill level 1 in Fire Magic
  7682 | D:7      | Reached XP level 9. HP: 50/50 MP: 12/18
  7928 | D:7      | Found a staircase to the Ecumenical Temple.
  8287 | D:8      | Noticed a two-headed ogre
  8575 | D:8      | Offered knowledge of Scorch by Vehumet.
  8646 | D:8      | Noticed Psyche
  8654 | D:8      | Killed a two-headed ogre
  8654 | D:8      | Reached ** piety under Vehumet
  8654 | D:8      | Killed Psyche
  8655 | D:8      | Reached skill level 10 in Conjurations
  8953 | D:8      | Reached skill level 1 in Poison Magic
  9054 | D:8      | Reached XP level 10. HP: 56/56 MP: 16/21
  9533 | D:8      | Found a glowing golden altar of the Shining One.
 10012 | D:9      | Noticed a red ugly thing
 10024 | D:9      | Killed a red ugly thing
 10025 | D:9      | Reached skill level 5 in Fire Magic
 10144 | D:9      | Offered knowledge of Inner Flame by Vehumet.
 10149 | D:9      | Found a staircase to the Orcish Mines.
 10174 | D:9      | Noticed Erica
 10432 | D:9      | Killed Erica
 10491 | D:9      | Found a staircase to the Lair.
 10605 | D:9      | Noticed Grum
 10613 | D:9      | Killed Grum
 10735 | D:9      | You are sucked into a shaft and drop 3 floors!
 10782 | D:12     | Noticed a gargoyle
 10794 | D:12     | Killed an unseen horror
 11067 | D:11     | Found a shimmering blue altar of Sif Muna.
 11125 | D:10     | Entered Level 10 of the Dungeon
 11125 | D:10     | Noticed a two-headed ogre
 11129 | D:10     | Killed a two-headed ogre
 11130 | D:10     | Reached skill level 10 in Air Magic
 11130 | D:10     | Reached XP level 11. HP: 60/60 MP: 13/23
 11190 | D:10     | Found a sacrificial altar of Ru.
 11425 | D:10     | Identified the ring of Beogh's Condemnation {rF+ Str-2
                  | Int+7 Dex-2 Slay+5}
 11686 | D:9      | Found an ornate altar of the Wu Jian Council.
 11854 | D:10     | Noticed a two-headed ogre
 11862 | D:9      | Reached skill level 1 in Translocations
 12002 | D:10     | Learned a level 2 spell: Blink
 12006 | D:10     | Learned a level 3 spell: Volatile Blastmotes
 12055 | D:10     | Reached *** piety under Vehumet
 12119 | D:10     | Killed a two-headed ogre
 12120 | D:10     | Reached skill level 5 in Poison Magic
 12165 | D:10     | Noticed a two-headed ogre
 12172 | D:10     | Killed a two-headed ogre
 12297 | D:10     | Found a shimmering blue altar of Sif Muna.
 12298 | D:10     | Found an ancient bone altar of Kikubaaqudgha.
 12352 | D:10     | Found a white marble altar of Elyvilon.
 12379 | D:10     | Found a sparkling altar of Nemelex Xobeh.
 12524 | D:10     | Found a blossoming altar of Fedhas.
 12622 | D:11     | Found Somic's Book Emporium.
 12882 | D:11     | Noticed Yfri's ghost (journeyman GnAr)
 12886 | D:11     | Found a runed translucent door.
 13510 | D:12     | Noticed a deep elf pyromancer
 13513 | D:12     | Killed a deep elf pyromancer
 13950 | D:12     | Offered knowledge of Stone Arrow by Vehumet.
 14172 | D:12     | Noticed a purple ugly thing
 14182 | D:12     | Killed a purple ugly thing
 14490 | D:13     | Identified the +6 falchion of Exchange {freeze, MP+9}
 14621 | Lair:1   | Entered Level 1 of the Lair of Beasts
 14631 | Lair:1   | Noticed Amaemon
 14703 | D:9      | Killed Amaemon
 15055 | Lair:1   | Noticed a catoblepas
 15067 | Lair:1   | Killed from afar by a catoblepas

Illustrated notes

Levels and vault maps discovered:
D:1:      dpeg_arrival_refuge, layout_basic, serial_shops,
          nicolae_shop_just_a_little_nook, nicolae_ecumenical_lake_church,
          serial_glass, glass_columns_a, glass_columns_a, minivault_11,
          serial_park_tiny_2
D:2:      cheibrodos_greedy_goblins, layout_basic, uniq_terence, uniq_jessica
D:3:      minmay_general_purpose_star, layout_loops_ring,
          nicolae_kite_square_tiling_tiny, corner_web_ring,
          chequers_decorated_corner
D:4:      layout_layer_cave, nicolae_dithmenos_through_a_glass_darkly,
          nicolae_overflow_hidden_temple
D:5:      layout_basic, nicolae_vehumet_radiance, kennysheep_path_1
D:6:      layout_gridville, slow_altar_2, nicolae_ossuary_entry_monument,
          minmay_circle_x
D:7:      layout_cave_pools, minmay_temple_entry_statues_fountains
D:8:      layout_cave_pods, mainiacjoe_overflow_tiny_flanked, serial_undead,
          serial_undead_c, serial_undead_e, serial_undead_b, serial_undead_f,
          serial_undead_e, serial_undead_f, serial_undead_b, uniq_psyche
D:9:      layout_loops_cross, lemuel_round_altar, dpeg_oklobed_lair,
          orc_0_dummy, uniq_grum, uniq_erica
D:10:     minmay_weird_star, layout_irregular_city, elyvilon_altar_5,
          overflow_temple_1_default, amcnicky_altar_gilded,
          fedhas_altar_fruit_tree, jmf_multi_god_temple
D:11:     layout_small_grid, hellmonk_ghost_happy_afterlife, serial_shops,
          nicolae_shop_window_shopping, lemuel_blue_sif_altar
D:12:     layout_basic
D:13:     layout_basic
Lair:1:   layout_small_grid, pdpol_lair_cavern_descent, uniq_amaemon

Skill      XL: |  1  2  3  4  5  6  7  8  9 10 11 |
---------------+----------------------------------+-----
Fighting       | 1 2 3 |  3.0
Conjurations   | 6 7 8 9 10 | 10.4
Spellcasting   | 3 4 5 6 7 9 |  9.2
Air Magic      | 1 2 4 6 8 10 | 10.0
Shields        | 1 2 4 |  4.1
Fire Magic     | 1 4 6 8 |  8.8
Poison Magic   | 1 4 5 |  5.0
Translocations | 4 |  4.1
Dodging        | |  2.1
Stealth        | |  2.0
Evocations     | |  0.2

Action                     |  1- 3 |  4- 6 |  7- 9 | 10-12 || total
---------------------------+-------+-------+-------+-------++-------
  Melee: Spear             |    77 |    58 |   124 |    30 ||   289
         Kick              |    14 |     9 |    39 |    18 ||    80
         Peck              |     5 |     6 |    22 |     9 ||    42
         Punch             |     1 |       |       |       ||     1
         Falchion          |       |       |       |     5 ||     5
   Cast: Magic Dart        |     6 |    22 |    15 |     2 ||    45
         Searing Ray       |     7 |    15 |    50 |    71 ||   143
         Sticky Flame      |       |       |     2 |     2 ||     4
         Iskenderun's Myst |       |       |     1 |    12 ||    13
         Poisonous Vapours |       |       |     8 |    28 ||    36
         Ignite Poison     |       |       |     2 |     8 ||    10
         Volatile Blastmot |       |       |       |    15 ||    15
         Blink             |       |       |       |     4 ||     4
  Evoke: Wand              |       |       |       |     2 ||     2
    Use: Scroll            |       |     4 |     3 |     8 ||    15
         Potion            |       |       |       |     1 ||     1
   Stab: Sleeping          |     6 |     1 |       |     1 ||     8
 Armour: Robe              |    28 |    16 |    44 |    60 ||   148
  Dodge: Dodged            |    54 |    38 |   146 |   202 ||   440
  Block: Buckler           |       |       |    21 |    37 ||    58

Table legend: (Time is in decaauts)
 A = Elapsed time spent in this place.
 B = Non-inter-level travel time spent in this place.
 C = Inter-level travel time spent in this place.
 D = Time resting spent in this place.
 E = Time spent auto-exploring this place.
 F = Levels seen in this place.
 G = Mean time per level.
                   A        B        C        D        E       F      G
               +--------+--------+--------+--------+--------+-----+--------+
         Total |  15136 |  14417 |    719 |   3664 |   7989 |  15 | 1009.1 |
       Dungeon |  14563 |  13844 |    719 |   3412 |   7939 |  13 | 1120.2 |
          Lair |    237 |    237 |      0 |    120 |     50 |   1 |  237.0 |
       Ossuary |    336 |    336 |      0 |    132 |      0 |   1 |  336.0 |
               +--------+--------+--------+--------+--------+-----+--------+

Top non-repeatable levels by time:
     D:8: 1538 daAuts
    D:12: 1463 daAuts
     D:9: 1374 daAuts
     D:1: 1368 daAuts
     D:6: 1347 daAuts
     D:4: 1263 daAuts
     D:3: 1254 daAuts
     D:7: 1126 daAuts
     D:5: 1117 daAuts
    D:10: 991 daAuts
    D:11: 887 daAuts
     D:2: 815 daAuts
 Ossuary: 336 daAuts
  Lair:1: 237 daAuts
    D:13: 15 daAuts
